 Dungeon Crawl Stone Soup version 0.29-a0-356-g7bc237e783 (webtiles) character file.

Game seed: 7589964127896405250

66191 bastard the Imperceptible (level 14, -9/77 (81) HPs)
             Began as a Spriggan Enchanter on Apr 26, 2022.
             Was an Elder of Ashenzari.
             Killed from afar by an orc sorcerer (27 damage)
             ... with a bolt of negative energy
             ... led by an orc knight
             ... on level 2 of the Orcish Mines.
             The game lasted 00:58:17 (20976 turns).

bastard the Imperceptible (Spriggan Enchanter)     Turns: 20976, Time: 00:58:19

HP:   -9/77 (81)    AC: 11    Str:  2    XL:     14   Next: 78%
MP:   29/29         EV: 22    Int: 23    God:    Ashenzari [****..]
Gold: 865           SH:  7    Dex: 16    Spells: 14/33 levels left

rFire   . . .      SeeInvis +   a - +2 dagger (venom)
rCold   + . .      Faith    .   d - +0 buckler "Ruined With Me" {Self, Range} (curse)
rNeg    . . .      Spirit   .   B - +0 troll leather armour of the Eye in the Sky {Regen+, Elem, Melee} (curse)
rPois   .          Reflect  .   U - +2 hat of Ashenzari's Jealousy {Self, Alch} (curse)
rElec   .          Harm     .   x - +0 cloak "Shackled Jealousy" {rC+ Str-2 Int+2 Slay+2, Cun, Elem} (curse)
rCorr   .          Rampage  .   (gloves unavailable)
Will    +++..      Clarity  +   (boots unavailable)
Stlth   +++++++++.              t - amulet of regeneration
HPRegen 1.82/turn               h - ring "Sun of the Astral Sage" {AC+4, Cun, Self} (curse)
MPRegen 0.21/turn               f - ring of willpower

@: studying Fighting, lightly drained, very quick
A: very small, no large weapons, unfitting armour, see invisible, speed 3
a: Renounce Religion, Shatter the Chains


You were on level 2 of the Orcish Mines.
You worshipped Ashenzari.
Ashenzari was greatly pleased with you.
You visited 4 branches of the dungeon, and saw 20 of its levels.
You also visited: Volcano.

You collected 1285 gold pieces.
You spent 420 gold pieces at shops.

Inventory:

Hand Weapons
 a - a +2 dagger of venom (weapon)
 y - a +1 vampiric dagger
 O - a +0 quick blade of flaming
Missiles
 A - 5 curare-tipped darts (quivered)
 D - 7 throwing nets
Armour
 d - the cursed +0 buckler "Ruined With Me" (worn) {Self, Range}
   (You found it on level 1 of the Dungeon)

   It has a curse which improves the following skills: Introspection: Fighting
   and Spellcasting.
   Ranged Combat: Slings, Bows, Crossbows and Throwing.
 x - the cursed +0 cloak "Shackled Jealousy" (worn) {rC+ Str-2 Int+2 Slay+2, Cun, Elem}
   (You found it on level 11 of the Dungeon)

   Str:       It affects your strength (-2).
   Int:       It affects your intelligence (+2).
   Slay:      It affects your accuracy & damage with ranged weapons and melee
   (+2).
   rC:        It protects you from cold.
   It has a curse which improves the following skills: Cunning: Dodging and
   Stealth.
   Elements:  Fire Magic, Ice Magic, Air Magic and Earth Magic.
 B - the cursed +0 troll leather armour of the Eye in the Sky (worn) {Regen+, Elem, Melee}
   (You found it on level 12 of the Dungeon)

   Regen:     It increases your rate of health regeneration.
   It has a curse which improves the following skills: Elements: Fire Magic, Ice
   Magic, Air Magic and Earth Magic.
   Melee Combat: Short Blades, Long Blades, Axes, Maces & Flails, Polearms,
   Staves and Unarmed Combat.
 U - the cursed +2 hat of Ashenzari's Jealousy (worn) {Self, Alch}
   (You found it on level 2 of the Orcish Mines)

   It has a curse which improves the following skills: Introspection: Fighting
   and Spellcasting.
   Alchemy:   Poison Magic and Transmutations.
Jewellery
 f - a ring of willpower (right hand)
 h - the cursed ring "Sun of the Astral Sage" (left hand) {AC+4, Cun, Self}
   (You found it on level 1 of the Dungeon)

   [ring of protection]

   AC:        It affects your AC (+4).
   It has a curse which improves the following skills: Cunning: Dodging and
   Stealth.
   Introspection: Fighting and Spellcasting.
 o - a ring of poison resistance
 t - an amulet of regeneration (around neck)
 u - a ring of magical power
 I - a ring of ice
Wands
 k - a wand of iceblast (15)
 E - a wand of charming (5)
 F - a wand of flame (31)
 G - a wand of polymorph (4)
 L - a wand of paralysis (5)
 P - a wand of acid (4)
 Q - a wand of digging (3)
Scrolls
 b - a scroll of brand weapon
 e - 16 scrolls of identify
 j - 5 scrolls of blinking
 l - a scroll of magic mapping
 m - 2 scrolls of teleportation
 p - 3 scrolls of amnesia
 w - a scroll of fog
 R - a scroll of enchant armour
 S - a scroll of enchant weapon
 T - a scroll of fear
Potions
 c - 6 potions of invisibility
 g - 2 potions of curing
 i - 2 potions of cancellation
 n - 3 potions of lignification
 q - 2 potions of haste
 r - 4 potions of might
 v - a potion of berserk rage
 z - 4 potions of attraction
 C - 2 potions of resistance
 H - a potion of flight
 J - 3 potions of ambrosia
 K - 2 potions of brilliance
 M - a potion of magic
 N - a potion of heal wounds


   Skills:
 + Level 8.5(12.4) Fighting
 - Level 12.0(13.9) Short Blades
 + Level 3.6 Armour
 * Level 12.1(15.0) Dodging
 + Level 23.4(26.0) Stealth
 + Level 4.3 Shields
 - Level 6.5(10.3) Spellcasting
 - Level 11.9 Hexes
 - Level 5.5(8.5) Ice Magic


You had 14 spell levels left.
You knew the following spells:

 Your Spells              Type           Power      Damage    Failure   Level
a - Ensorcelled Hibernat  Hex/Ice        100%       N/A       1%          2
b - Confusing Touch       Hex            61%        N/A       1%          3
c - Tukima's Dance        Hex            61%        N/A       1%          3
d - Silence               Hex/Air        20%        N/A       45%         5
e - Dazzling Flash        Conj/Hex       78%        N/A       6%          3
f - Gell's Gravitas       Tloc           11%        N/A       56%         3

Your spell library contained the following spells:

 Spells                   Type           Power      Damage    Failure   Level
 Slow                     Hex            100%       N/A       1%          1
 Fulminant Prism          Conj/Hex       19%        3d11      19%         4
 Sandblast                Erth           26%        2d8       21%         1
 Magic Dart               Conj           44%        1d5       22%         1
 Passwall                 Tmut/Erth      10%        N/A       30%         2
 Poisonous Vapours        Pois/Air       26%        N/A       30%         2
 Corpse Rot               Necr/Air       24%        N/A       32%         2
 Static Discharge         Conj/Air       12%        N/A       32%         2
 Call Imp                 Summ           11%        N/A       34%         2
 Searing Ray              Conj           22%        2d5       34%         2
 Sublimation of Blood     Necr           11%        N/A       34%         2
 Ignite Poison            Fire/Tmut/Pois 13%        N/A       52%         3
 Mephitic Cloud           Conj/Pois/Air  12%        N/A       54%         3
 Stone Arrow              Conj/Erth      24%        3d8       54%         3
 Lesser Beckoning         Tloc           11%        N/A       56%         3
 Teleport Other           Tloc           11%        N/A       56%         3
 Vampiric Draining        Necr           11%        2d6       56%         3
 Freezing Cloud           Conj/Ice/Air   12%        6-21      88%         5
 Petrify                  Tmut/Erth      13%        N/A       90%         4
 Summon Lightning Spire   Summ/Air       12%        N/A       91%         4
 Animate Dead             Necr           5%         N/A       92%         4
 Iskenderun's Mystic Bla  Conj/Tloc      11%        2d4       92%         4
 Agony                    Necr           11%        N/A       99%         5
 Borgnjor's Vile Clutch   Necr/Erth      6%         N/A       99%         5
 Fireball                 Conj/Fire      6%         3d5       99%         5
 Irradiate                Conj/Tmut      6%         3d15      99%         5
 Lightning Bolt           Conj/Air       6%         1d18      99%         5
 Death Channel            Necr           5%         N/A       100%        6
 Dispersal                Tloc           5%         N/A       100%        6
 Starburst                Conj/Fire      6%         6d4       100%        6
 Storm Form               Tmut/Air       6%         N/A       100%        7
 Ignition                 Fire           6%         3d4       100%        8
 Maxwell's Capacitive Co  Air            6%         ∞         100%        8


Dungeon Overview and Level Annotations

Branches:
Dungeon (12/15)            Temple (1/1) D:4            Lair (6/6) D:11
  Swamp (0/4) Lair:2        Snake (0/4) Lair:4        Slime (0/5) Lair:6
    Orc (2/2) D:12            Elf (0/3) Orc:2       Volcano (visited)

Altars:
Ashenzari
Cheibriados
Dithmenos
Elyvilon
Fedhas
Gozag
Kikubaaqudgha
Makhleb
Nemelex Xobeh
Okawaru
Qazlal
Ru
Sif Muna
Trog
Uskayaw
Vehumet
Wu Jian
Xom
Yredelemnul
Zin
The Shining One
Jiyva

Shops:
D:3 (   Orc:2 (:

Annotations:
D:11 exclusion: downstairs
Lair:3 exclusion: downstairs


Innate Abilities, Weirdness & Mutations

You are very small and have problems with some larger weapons.
You are too small for most types of armour.
You have supernaturally acute eyesight. (SInv)
You cover ground extremely quickly. (Speed+++)


Message History

The orc sorcerer is lightly wounded.
The orc knight completely misses you. You block the orc sorcerer's attack.
The orc hits you but does no damage.
You hit the orc sorcerer.
The orc sorcerer looks as sick as possible!
The orc sorcerer is moderately wounded.
You hit the orc sorcerer.
The orc sorcerer is heavily wounded.
You block the orc's attack. The orc sorcerer closely misses you.
The orc knight hits you from afar with a +0 glaive!
You hit the orc sorcerer.
The orc sorcerer looks as sick as possible!
The orc sorcerer is heavily wounded.
You hit the orc sorcerer but do no damage.
The orc sorcerer is heavily wounded.
You block the orc's attack.
The orc knight hits you from afar with a +0 glaive!
The orc sorcerer barely misses you.
You closely miss the orc sorcerer.
The orc sorcerer is heavily wounded.
The orc sorcerer closely misses you. The orc barely misses you.
The orc knight closely misses you.
You closely miss the orc sorcerer.
The orc sorcerer is heavily wounded.
You hit the orc sorcerer but do no damage.
The orc sorcerer looks as sick as possible!
The orc sorcerer is severely wounded.
You block the orc sorcerer's attack.
The orc knight hits you from afar with a +0 glaive!
You block the orc's attack.
You hit the orc sorcerer.
The orc sorcerer is severely wounded.
You hit the orc sorcerer.
The orc sorcerer looks as sick as possible!
The orc sorcerer is severely wounded.
The orc knight hits you from afar with a +0 glaive!!
* * * LOW HITPOINT WARNING * * *
The orc sorcerer gestures at you while chanting.
The bolt of negative energy hits you!!
You feel drained.
You die...

## ##################
##.###.#..#...#..##...# *
#..$#.................. **
*##.....................# **
, #....................... ,
,*##....#................. *
, #.......................
,##...................... *
#....o@o............... **
,#...$..)................
*,,,......o#................
....... .......,........ *
....... ....... ,...... *
,.......,....... ......
,,,.......,....... , ......
*, ** ....... .......
,...... , *, , ,, , ,, ,, *
######


You could see an orc knight, an orc sorcerer (strong, extremely poisoned) and an
orc (strong).

Vanquished Creatures
  A stone giant (Orc:2)
  2 ettins (Orc:2)
  Fannar (Lair:2)
  Harold (Lair:1)
  A boulder beetle (D:12)
  3 hydras
  A merfolk avatar (Lair:6)
  2 two-headed ogres
  4 death yaks (Lair:5)
  Urug (Lair:5)
  Sonja (Lair:1)
  A sun demon (Volcano)
  Amaemon (Lair:3)
  A sea snake (Lair:6)
  2 bog bodies (Lair:2)
  A lindwurm (Lair:6)
  2 harpies (Lair:6)
  2 deep elf pyromancers (Orc:2)
  An orc knight (Orc:1)
  5 cyclopes (Orc:2)
  An orc sorcerer (Volcano)
  2 oklob plants (D:11)
  2 ugly things
  2 torpor snails
  5 black mambas
  22 elephants
  3 molten gargoyles
  A gargoyle (D:12)
  13 cane toads
  An orange demon (Lair:3)
  10 rime drakes
  6 komodo dragons
  2 red devils (Volcano)
  2 hornets
  A queen bee (Lair:2)
  4 trolls
  Prince Ribbit (D:6)
  5 polar bears
  14 dream sheep
  Grinder (D:3)
  A wind drake (Lair:6)
  20 blink frogs
  A snapping turtle (Lair:6)
  27 yaks
  A wraith (D:12)
  11 wyverns
  13 basilisks
  A shadow (D:11)
  4 fire bats (Volcano)
  2 steam dragons (Lair:6)
  A warg (D:12)
  An acid dragon (D:4)
  2 hell hounds (Volcano)
  19 water moccasins
  2 black bears
  A swamp drake (Orc:2)
  10 orc warriors
  3 ogres
  5 wolves (Lair:1)
  5 centaurs
  3 phantoms
  2 kobold brigands
  9 bullfrogs
  3 scorpions
  A necrophage (D:5)
  8 wights
  30 killer bees
  5 howler monkeys
  An electric eel (Lair:2)
  A crimson imp (Orc:2)
  8 lava snakes
  4 jellies
  5 orc priests
  2 hounds
  An iron imp (Orc:2)
  3 iguanas
  11 hell rats
  11 orc wizards
  8 gnolls
  10 adders
  2 shadow imps
  2 white imps
  2 ufetubi (D:5)
  4 worms
  3 dart slugs
  50 orcs
  3 bats
  3 endoplasms
  3 giant cockroaches
  10 goblins
  6 hobgoblins
  7 jackals
  2 quokkas
  9 ball pythons
  4 frilled lizards
  17 kobolds
  2 rats
517 creatures vanquished.

Vanquished Creatures (others)
  A lava snake (Volcano)
  An orc wizard (D:4)
  34 fungi
  44 plants
80 creatures vanquished.

Grand Total: 597 creatures vanquished

Notes
Turn   | Place    | Note
-------+----------+-------------------------------------------
     0 | D:1      | bastard the Spriggan Enchanter began the quest for the Orb.
     0 | D:1      | Reached XP level 1. HP: 9/9 MP: 5/5
   499 | D:1      | Reached XP level 2. HP: 13/13 MP: 6/6
   502 | D:1      | Learned a level 2 spell: Ensorcelled Hibernation
  1065 | D:2      | Reached skill level 5 in Hexes
  1065 | D:2      | Reached XP level 3. HP: 16/16 MP: 8/8
  1209 | D:2      | Found a hide-covered altar of Uskayaw.
  1897 | D:2      | Reached XP level 4. HP: 19/21 MP: 9/9
  2180 | D:2      | Learned a level 3 spell: Confusing Touch
  2190 | D:2      | Found a faded altar of an unknown god.
  2930 | D:3      | Reached XP level 5. HP: 24/24 MP: 10/10
  3173 | D:3      | Found Ryusip's Weapon Shop.
  3177 | D:3      | Noticed Grinder
  3198 | D:3      | Killed Grinder
  3199 | D:3      | Reached skill level 7 in Stealth
  3199 | D:3      | Reached XP level 6. HP: 25/28 MP: 7/11
  3318 | D:3      | Learned a level 3 spell: Tukima's Dance
  3538 | D:3      | Reached skill level 8 in Stealth
  3727 | D:4      | Found a staircase to the Ecumenical Temple.
  3749 | Temple   | Entered the Ecumenical Temple
  4125 | D:4      | Noticed a yak
  4133 | D:4      | Reached skill level 9 in Stealth
  4364 | D:4      | Reached XP level 7. HP: 30/32 MP: 6/12
  4431 | D:4      | Reached skill level 10 in Stealth
  4545 | D:4      | Killed a yak
  4546 | D:4      | Reached skill level 11 in Stealth
  4682 | D:4      | Reached skill level 12 in Stealth
  4905 | D:4      | Reached skill level 13 in Stealth
  4905 | D:4      | Reached XP level 8. HP: 29/36 MP: 10/13
  5296 | D:5      | Entered Level 5 of the Dungeon
  5386 | D:5      | Reached skill level 1 in Fighting
  5632 | D:5      | Reached skill level 5 in Short Blades
  5830 | D:5      | Found a snail-covered altar of Cheibriados.
  6374 | D:6      | Found a shimmering blue altar of Sif Muna.
  6635 | D:7      | Noticed Prince Ribbit
  6646 | D:7      | Reached XP level 9. HP: 36/45 MP: 9/14
  6730 | D:6      | Killed Prince Ribbit
  7149 | D:7      | Found a burning altar of Makhleb.
  7272 | D:7      | Reached skill level 5 in Fighting
  8085 | D:8      | Found a broken altar of Ashenzari.
  8094 | D:8      | Became a worshipper of Ashenzari the Shackled
  8301 | D:8      | Noticed a two-headed ogre
  8681 | D:8      | Reached skill level 10 in Short Blades
  8760 | D:8      | Killed a two-headed ogre
  8761 | D:8      | Reached XP level 10. HP: 52/53 MP: 9/15
  8823 | D:9      | You fall into a shaft and drop 2 floors!
  8853 | D:11     | Identified the +0 cloak of Fun and Games {rC+ Str-2 Int+2
                  | Slay+2}
  8953 | D:11     | Found a staircase to the Lair.
  8953 | D:11     | Noticed an oklob plant
  8953 | D:11     | Noticed an oklob plant
  9377 | D:11     | Noticed a cyan ugly thing
  9382 | D:11     | Killed a cyan ugly thing
  9478 | D:11     | Noticed a two-headed ogre
  9487 | D:11     | Killed a two-headed ogre
  9870 | D:11     | Killed an oklob plant
  9874 | D:11     | Killed an oklob plant
  9875 | D:11     | Reached skill level 14 in Stealth
  9941 | D:12     | Noticed a skeletal warrior
  9945 | D:12     | Noticed a skeletal warrior
  9945 | D:12     | Noticed a skeletal warrior
  9957 | D:12     | Noticed a boulder beetle
  9971 | D:12     | Killed a boulder beetle
  9972 | D:12     | Reached skill level 5 in Dodging
  9972 | D:12     | Reached skill level 15 in Stealth
 10005 | D:12     | Noticed a gargoyle
 10005 | D:12     | Noticed a skeletal warrior
 10069 | D:12     | Noticed a gargoyle
 10078 | D:12     | Killed a gargoyle
 10079 | D:12     | Reached XP level 11. HP: 34/58 MP: 12/16
 10163 | D:12     | Found a staircase to the Orcish Mines.
 10170 | D:12     | Reached * piety under Ashenzari
 10581 | Lair:1   | Entered Level 1 of the Lair of Beasts
 10708 | Lair:1   | Reached skill level 16 in Stealth
 10918 | Lair:1   | Noticed Harold
 10924 | Lair:1   | Killed Harold
 11033 | Lair:1   | Noticed Sonja
 11067 | Lair:1   | Reached skill level 17 in Stealth
 11133 | Lair:1   | Killed Sonja
 11156 | Lair:1   | Reached skill level 5 in Spellcasting
 11348 | Lair:1   | Reached ** piety under Ashenzari
 11805 | Lair:2   | Reached skill level 18 in Stealth
 11824 | Lair:2   | Found an opulent altar of Gozag.
 11926 | Lair:2   | Noticed Fannar
 11928 | Lair:2   | Killed Fannar
 11962 | Lair:2   | Reached XP level 12. HP: 64/64 MP: 22/24
 12046 | Lair:2   | Found a staircase to the Swamp.
 12684 | Lair:2   | Identified the +1 ring mail of the Special Priests {rF+
                  | Int-4 SInv}
 13226 | Lair:2   | Learned a level 5 spell: Silence
 13234 | Lair:2   | Reached skill level 10 in Hexes
 13359 | Lair:3   | Noticed Amaemon
 13375 | Lair:3   | Killed Amaemon
 13376 | Lair:3   | Reached skill level 1 in Ice Magic
 13522 | Lair:3   | Reached skill level 19 in Stealth
 13643 | Lair:3   | Reached skill level 1 in Armour
 13691 | Lair:3   | Reached *** piety under Ashenzari
 14187 | Lair:3   | Reached skill level 20 in Stealth
 14769 | Lair:4   | Reached XP level 13. HP: 69/72 MP: 10/27
 14771 | Lair:4   | Reached skill level 1 in Shields
 15392 | Lair:4   | Found a staircase to the Snake Pit.
 15514 | Lair:4   | Identified the +10 hunting sling of Dried Tears {venom,
                  | MP+9 Dex+3}
 16128 | Lair:5   | Found a dark tunnel.
 16133 | Volcano  | Entered a volcano
 16333 | Volcano  | Found a burning altar of Makhleb.
 16353 | Volcano  | Reached skill level 21 in Stealth
 16814 | Lair:5   | Reached skill level 5 in Ice Magic
 17627 | Lair:5   | Reached skill level 10 in Dodging
 17627 | Lair:5   | Reached XP level 14. HP: 60/77 MP: 15/28
 18032 | Lair:5   | Noticed Urug
 18036 | Lair:5   | Killed Urug
 18037 | Lair:5   | Reached skill level 22 in Stealth
 18142 | Lair:6   | Entered Level 6 of the Lair of Beasts
 19821 | Lair:6   | Found a viscous altar of Jiyva.
 19822 | Lair:6   | Found a staircase to the Slime Pits.
 19861 | Lair:6   | Reached skill level 23 in Stealth
 20191 | Orc:1    | Entered Level 1 of the Orcish Mines
 20252 | Orc:1    | Learned a level 3 spell: Dazzling Flash
 20261 | Orc:2    | Entered Level 2 of the Orcish Mines
 20446 | Orc:2    | Noticed a stone giant
 20483 | Orc:2    | Found Jazaogir's Antique Weapon Shoppe.
 20492 | Orc:2    | Found Agae's Book Emporium.
 20494 | Orc:2    | Killed a stone giant
 20748 | Orc:2    | Bought a There-And-Back Book for 420 gold pieces
 20766 | Orc:2    | Learned a level 3 spell: Gell's Gravitas
 20831 | Orc:2    | Reached **** piety under Ashenzari
 20866 | Orc:2    | Found a staircase to the Elven Halls.
 20976 | Orc:2    | Killed from afar by an orc sorcerer

Illustrated notes

Levels and vault maps discovered:
D:1:      minmay_arrival_arboretum_small, layout_basic,
          hangedman_abyss_or_decor_lesser_grid, minmay_misc_feat_room
D:2:      layout_loops_cross, basic_altar,
          shapermc_ecumenical_altar_totnotflames, grunt_ministairs_4
D:3:      layout_loops_cross, serial_shops, shop_statue, minmay_misc_feat_x,
          uniq_grinder
D:4:      layout_gridville, minmay_temple_entry_large_hall,
          minmay_manual_monstrance
D:5:      layout_cave_pools, kennysheep_little_box
D:6:      layout_basic, old_standard_altar
D:7:      layout_cave_pods, makhleb_heckhound_becter,
          amcnicky_mini_corridor_feature, hangedman_abyss_or_decor_stagger,
          grunt_ministairs_13, uniq_prince_ribbit1
D:8:      nicolae_cairo_tiling_large, layout_rooms,
          mainiacjoe_overflow_tiny_flanked
D:9:      layout_cave_pools, mainiacjoe_overflow_six_doors_small,
          mainiacjoe_overflow_brackets, minmay_misc_feat_alley, minivault_16,
          uniq_erolcha, uniq_psyche
D:11:     layout_stronghold, dpeg_oklobed_lair
D:12:     layout_basic, david_orc_3, serial_shops, shop
Temple:   nicolae_temple_elliptical
Lair:1:   layout_loops_ring, infiniplex_staircase_pool_2, uniq_sonja,
          uniq_harold
Lair:2:   layout_layer_cave, skrybe_swamp_entry_bodies, special_room
          [special_room_bee], lemuel_centaur_altar, infiniplex_staircase_pool,
          serial_bayou_shore_b, uniq_fannar
Lair:3:   layout_chaotic_city, st_stairs_3, uniq_amaemon
Lair:4:   cheibrodos_magma_flow, layout_loops_ring, dummy_snake_entry,
          grunt_megastairs_3
Lair:5:   layout_cave_pods, special_room [special_room_mythical_zoo],
          enter_volcano_4, serial_bayou_shore_b, uniq_urug
Lair:6:   gammafunk_lair_ancient_temple, layout_regular_city,
          dpeg_slime_entry_enclosed_altar
Orc:1:    layout_diamond_mine
Orc:2:    grunt_orc_gardens, layout_caves, grunt_orc_garden, grunt_orc_garden,
          grunt_orc_garden, grunt_orc_garden, hangedman_minor_magic

Skill      XL: |  1  2  3  4  5  6  7  8  9 10 11 12 13 14 |
---------------+-------------------------------------------+-----
Hexes          | 4 5 6 7 9 10 11 | 11.9
Stealth        | 7 9 13 15 18 20 21 23 | 23.4
Short Blades   | 6 10 12 | 12.0
Fighting       | 3 6 7 8 |  8.5
Dodging        | 3 5 6 8 10 12 | 12.1
Spellcasting   | 6 |  6.5
Ice Magic      | 2 5 |  5.5
Armour         | 1 2 3 |  3.6
Shields        | 2 4 |  4.3

Action                   |  1- 3 |  4- 6 |  7- 9 | 10-12 | 13-15 || total
-------------------------+-------+-------+-------+-------+-------++-------
Melee: Dagger            |   137 |   129 |   435 |   487 |  1200 ||  2388
       Punch             |     2 |     1 |    11 |       |       ||    14
Throw: Throwing net      |       |       |     1 |       |       ||     1
       Dart              |       |       |       |     7 |     4 ||    11
 Cast: Ensorcelled Hiber |    10 |    16 |    33 |    84 |   132 ||   275
       Confusing Touch   |       |     1 |    13 |    11 |    21 ||    46
Invok: Curse Item        |       |       |       |     4 |     1 ||     5
  Use: Scroll            |     5 |     5 |     7 |     3 |     3 ||    23
       Potion            |       |       |     1 |       |     2 ||     3
 Stab: Sleeping          |    11 |    20 |    35 |    75 |    80 ||   221
       Distracted        |       |     1 |     1 |     3 |     5 ||    10
       Confused          |       |     2 |    11 |     9 |    14 ||    36
       Held in net/web   |       |       |     4 |       |       ||     4
Armor: Robe              |    20 |    34 |    70 |     7 |       ||   131
       Troll leather arm |       |       |       |    75 |   154 ||   229
Dodge: Dodged            |    89 |   111 |   251 |   410 |   686 ||  1547
Block: Buckler           |       |       |       |    19 |   281 ||   300

Table legend: (Time is in decaauts)
 A = Elapsed time spent in this place.
 B = Non-inter-level travel time spent in this place.
 C = Inter-level travel time spent in this place.
 D = Time resting spent in this place.
 E = Time spent auto-exploring this place.
 F = Levels seen in this place.
 G = Mean time per level.
                   A        B        C        D        E       F      G
               +--------+--------+--------+--------+--------+-----+--------+
         Total |  15137 |  14706 |    431 |      0 |  10301 |  21 |  720.8 |
       Dungeon |   7504 |   7290 |    214 |      0 |   5582 |  11 |  682.2 |
        Temple |    303 |    289 |     14 |      0 |    265 |   1 |  303.0 |
          Lair |   6446 |   6251 |    195 |      0 |   4070 |   6 | 1074.3 |
  Orcish Mines |    578 |    571 |      7 |      0 |    299 |   2 |  289.0 |
       Volcano |    304 |    304 |      0 |      0 |     83 |   1 |  304.0 |
               +--------+--------+--------+--------+--------+-----+--------+

Top non-repeatable levels by time:
  Lair:6: 1431 daAuts
     D:2: 1219 daAuts
  Lair:5: 1136 daAuts
  Lair:4: 1057 daAuts
  Lair:2: 1008 daAuts
     D:4: 972 daAuts
  Lair:1: 957 daAuts
  Lair:3: 853 daAuts
     D:1: 785 daAuts
     D:3: 764 daAuts
    D:11: 741 daAuts
     D:7: 706 daAuts
     D:5: 660 daAuts
     D:6: 656 daAuts
     D:8: 535 daAuts
